 Dungeon Crawl Stone Soup version 0.31.0-9-g3a7656b989 (webtiles) character file.

Game seed: 6439024835644682104

196 qw the Shooter (level 5, -2/26 HPs)
             Began as a Spriggan Hunter on Feb 2, 2024.
             Was a Follower of Okawaru.
             Slain by a kobold brigand
             ... wielding a +1 dagger of speed
              (7 damage)
             ... on level 3 of the Dungeon.
             The game lasted 00:00:07 (2008 turns).

qw the Shooter (Spriggan Hunter)                    Turns: 2008, Time: 00:00:07

Health: -2/26      AC:  2    Str:  7    XL:     5   Next: 46%
Magic:  6/6        EV: 20    Int: 10    God:    Okawaru [*.....]
Gold:   151        SH:  0    Dex: 21    Spells: 4/4 levels left

rFire   . . .        a - +0 shortbow
rCold   . . .        (shield currently unavailable)
rNeg    . . .        c - +0 robe
rPois   .            (helmet restricted)
rElec   .            (no cloak)
rCorr   .            (gloves unavailable)
SInv    +            (boots unavailable)
Will    .....        (no amulet)
Stlth   ++           (no ring)
HPRegen 0.24/turn    (no ring)
MPRegen 0.10/turn

%: no passive effects
@: hasted, very quick
A: very small, no large weapons, unfitting armour, see invisible, speed 3
a: Renounce Religion, Heroism


You were on level 3 of the Dungeon.
You worshipped Okawaru.
Okawaru was aware of your devotion.
You visited 1 branch of the dungeon, and saw 3 of its levels.

You collected 151 gold pieces.


Innate Abilities, Weirdness & Mutations

You are very small and have problems with some larger weapons.
You are too small for most types of armour.
You have supernaturally acute eyesight. (SInv)
You cover ground extremely quickly. (Speed+++)


   Skills:
 - Level 2.0 Fighting
 + Level 5.7 Ranged Weapons
 - Level 5.1 Dodging
 - Level 1.5 Stealth
 + Level 0.0 Invocations


You had 4 spell levels left.
You didn't know any spells.
Your spell library was empty.

Inventory:

Hand Weapons
 a - a +0 shortbow (weapon)
Armour
 c - a +0 robe (worn)
 j - a scarf of invisibility
Scrolls
 m - 3 scrolls of identify
Potions
 b - a potion of mutation
 d - a potion of curing {unknown}
 e - a potion of resistance {unknown}
 f - a potion of heal wounds {unknown}
 g - a potion of lignification {unknown}
 h - a potion of invisibility {unknown}
 i - a potion of attraction {unknown}
 l - a potion of might {unknown}

Dungeon Overview and Level Annotations

Branches:
Dungeon (3/15)

Altars:
Okawaru

Annotations:
D:3 1 runed translucent door, qw's ghost, amateur DgHu


Message History

You shoot an arrow.
The arrow closely misses the kobold brigand.
You feel sick.
You shoot an arrow.
The arrow hits the kobold brigand but does no damage.
The kobold brigand is heavily wounded.
You feel sick.
You shoot an arrow. The arrow hits the kobold brigand!
The kobold brigand is almost dead.
You shoot an arrow. The arrow hits the kobold brigand!
You kill the kobold brigand!
Okawaru is honoured by your kill.
You can now gain great but temporary skills.
You feel sick.
You have reached level 5!
You feel agile.
You shoot an arrow.
The arrow barely misses the kobold brigand.
You feel sick.
You shoot an arrow.
The arrow closely misses the kobold brigand.
You feel sick.
The kobold brigand hits you with a +1 dagger of speed.
You shoot an arrow.
The arrow barely misses the kobold brigand.
The kobold brigand hits you with a +1 dagger of speed.
You shoot an arrow. The arrow hits the kobold brigand!
The kobold brigand is moderately wounded.
You feel sick.
You are no longer poisoned.
The kobold brigand misses you. x2
You shoot an arrow. The arrow hits the kobold brigand.
The kobold brigand is heavily wounded.
The kobold brigand misses you.
You shoot an arrow. The arrow hits the kobold brigand!
The kobold brigand is almost dead.
The kobold brigand hits you with a +1 dagger of speed.
You shoot an arrow.
The arrow closely misses the kobold brigand.
The kobold brigand hits you with a +1 dagger of speed!
You die...

#...........#......##.#
#...........#########.###
#..)........# #...#
#...........#########...#
########..................#
###~~~####......#########...#
#~~~~~~~~~######## #...# #
~~~~~~~######...### #...#
#######~~~###...@K.....#
#...#
...)..#####.....).###...
#...# .....).).....######
#.... ..)###.....### #....
##).######## ##...
###.......# #### #
#######.######## #........#
##........## #####


You could see a kobold brigand.

Vanquished Creatures
  A kobold brigand (D:3)
  Jessica (D:2)
  2 adders
  A gnoll (D:1)
  A dart slug (D:1)
  2 ribbon worms
  2 orcs (D:3)
  7 bats
  4 endoplasms
  3 goblins
  5 hobgoblins
  9 jackals (D:1)
  3 quokkas
  A ball python (D:1)
  A frilled lizard (D:3)
  13 kobolds
  5 rats
61 creatures vanquished.

Notes
Turn   | Place    | Note
-------+----------+-------------------------------------------
     0 | D:1      | qw the Spriggan Hunter began the quest for the Orb.
     0 | D:1      | Reached XP level 1. HP: 10/10 MP: 2/2
     0 | D:1      | 0 ||| qw: Version: 0.3-a-155-g5e7d8dd
     0 | D:1      | 0 ||| qw: Game counter: 1456
     0 | D:1      | 0 ||| qw: Melee chars always use a shield: true
     0 | D:1      | 0 ||| qw: God list: Okawaru
     0 | D:1      | 0 ||| qw: Allow faded altars: false
     0 | D:1      | 0 ||| qw: Do Orc after clearing Dungeon:15 true
     0 | D:1      | 0 ||| qw: Do second Lair branch before Depths: true
     0 | D:1      | 0 ||| qw: Lair rune preference: random
     0 | D:1      | 0 ||| qw: Goals: Normal
     0 | D:1      | 0 ||| PLANNING D:1-11
   116 | D:1      | Reached skill level 3 in Dodging
   173 | D:1      | Reached XP level 2. HP: 14/14 MP: 3/3
   400 | D:1      | Reached XP level 3. HP: 11/18 MP: 4/4
   711 | D:1      | 711 ||| READING scroll labelled ZAXZISHR HAYCK.
   711 | D:1      | 711 ||| IDENTIFYING pink potion
   712 | D:1      | 712 ||| READING scroll labelled ZIMAUFR BEQI.
   713 | D:1      | 713 ||| READING scroll labelled YNAWKUQ ZOM IFO.
   714 | D:1      | 714 ||| DRINKING 2 sapphire potions.
   715 | D:1      | 715 ||| DROPPING scroll of butterflies.
   716 | D:1      | 716 ||| DROPPING potion of brilliance.
   739 | D:2      | Found an iron altar of Okawaru.
   740 | D:2      | 740 ||| PLANNING OKAWARU WORSHIP
   748 | D:2      | Became a worshipper of Warmaster Okawaru
   749 | D:2      | 749 ||| PLANNING D:1-11
   929 | D:2      | Noticed Jessica
   931 | D:2      | 931 ||| DRINKING potion of haste.
   936 | D:2      | Killed Jessica
   937 | D:2      | Reached XP level 4. HP: 22/22 MP: 5/5
  1241 | D:2      | 1241 ||| READING scroll of identify.
  1241 | D:2      | 1241 ||| IDENTIFYING inky potion
  1242 | D:2      | 1242 ||| READING scroll labelled LOTRA PUAJIARE.
  1243 | D:2      | 1243 ||| READING scroll labelled QUHAEL GIZOINECW.
  1248 | D:2      | 1248 ||| READING scroll labelled ORHASCH CUEJET.
  1373 | D:3      | Found a runed translucent door.
  1378 | D:3      | Noticed a bullfrog
  1381 | D:3      | Noticed qw's ghost (amateur DgHu)
  1989 | D:3      | Noticed a kobold brigand
  1990 | D:3      | 1990 ||| DRINKING potion of haste.
  1991 | D:3      | Noticed a kobold brigand
  2001 | D:3      | Killed a kobold brigand
  2001 | D:3      | Reached * piety under Okawaru
  2002 | D:3      | Reached XP level 5. HP: 19/26 MP: 6/6
  2007 | D:3      | HP: 5/26 [kobold brigand/+1 dagger of speed (2)]
  2008 | D:3      | Slain by a kobold brigand

Levels and vault maps discovered:
D:1:      dpeg_arrival_shelter, layout_basic, chequers_serial_rivers_small_3,
          minmay_tetromino_l2
D:2:      layout_basic, basic_altar, kennysheep_jessica_study
D:3:      cheibrodos_thug_alley, layout_basic, ebering_ghost_sewer_d

Skill      XL: |  1  2  3  4 |
---------------+-------------+-----
Dodging        | 3 4 5 |  5.1
Ranged Weapons | 5 |  5.7
Fighting       | 2 |  2.0
Stealth        | |  1.5

Action                     |  1- 3 |  4- 6 || total
---------------------------+-------+-------++-------
   Fire: Shortbow          |    94 |    93 ||   187
    Use: Scroll            |     3 |     4 ||     7
         Potion            |     2 |     1 ||     3
 Armour: Robe              |    14 |    14 ||    28
  Dodge: Dodged            |    40 |    31 ||    71

Table legend:
 A = Non-vault XP
 B = Vault XP
 C = Vault XP percentage of total XP
 D = Non-vault monster count
 E = Vault monster count
 F = Vault count percentage of total count
                 A         B        C        D         E       F
            +---------+---------+-------+---------+---------+-------
      Total |     128 |     153 |  54.4 |      48 |      13 |  21.3
            +---------+---------+-------+---------+---------+-------
        D:1 |      62 |       3 |   4.6 |      26 |       2 |   7.1
        D:2 |      23 |      39 |  62.9 |       5 |       2 |  28.6
        D:3 |      43 |     111 |  72.1 |      17 |       9 |  34.6
            +---------+---------+-------+---------+---------+-------
